 Dungeon Sprint DCSS version bcrawl-1.21.2-28-g2cb1824106 (webtiles) character file.

Game seed: 2005077912362293927

5108 Groucho the Unseen (level 10, -1/59 HPs)
             Began as a Felid Monk on Mar 18, 2020.
             Was an Elder of Uskayaw.
             Slain by an alligator snapping turtle (38 damage)
             ... in the Dungeon (Sprint IX: "|||||||||||||||||||||||||||||").
             The game lasted 00:09:56 (3221 turns).

Groucho the Unseen (Felid Monk)                     Turns: 3221, Time: 00:09:57

Health: -1/59      AC:  2    Str: 10    XL:     10   Next: 57%
Magic:  22/22      EV: 37    Int: 12    God:    Uskayaw [****..]
Gold:   724        SH:  0    Dex: 25    Spells: 9/9 levels left
                                        Lives:  0   Deaths: 3

rFire    . . .     SeeInvis +     - Unarmed
rCold    . . .     Gourm    .   (shield unavailable)
rNeg     . . .     Faith    .   (armour unavailable)
rPois    .         Spirit   .   (helmet unavailable)
rElec    .         Reflect  .   (cloak restricted)
rCorr    .         Harm     .   (gloves unavailable)
MR       +....     NoTele   +   (boots unavailable)
Stlth    ++++++++..             (no amulet)
HPRegen  0.19/turn              l - +3 ring of strength
MPRegen  0.18/turn              m - +3 ring of dexterity

@: swift, flying, very slightly contaminated, very quick
A: very small, no armour, no weapons or thrown items, stealth, claws 1, fangs 3,
see invisible, carnivore, speed 1, shaggy fur 2, slow metabolism 1, sharp paws
a: Stomp, Line Pass, Renounce Religion


You were in the Dungeon.
You worshipped Uskayaw.
Uskayaw was pleased with you.
You were not hungry.

You visited 1 branch You collected 1934 gold pieces.
You spent 1210 gold pieces at shops.

Inventory:

Jewellery
 a - an uncursed amulet of guardian spirit
 l - a +3 ring of strength (left paw)
 m - a +3 ring of dexterity (right paw)
 s - an uncursed ring of protection from magic
 y - an uncursed ring of ice
 z - an uncursed ring of protection from cold
 A - an uncursed ring of ice
 B - an uncursed ring of poison resistance
Wands
 k - a wand of acid (10)
 u - a wand of enslavement (6)
Scrolls
 h - 2 scrolls of blinking
 i - 6 scrolls of remove curse
 j - 2 scrolls of amnesia
 r - 3 scrolls of fog
 t - a scroll of fear
 C - a scroll of identify
Potions
 b - 3 potions of haste
 c - 3 potions of degeneration
 d - a potion of flight
 f - 4 potions of magic
 n - a potion of mutation
 o - a potion of berserk rage
 p - 3 potions of brilliance
 q - a potion of might
 v - 7 potions of curing
 w - 3 potions of heal wounds
 x - 4 potions of agility
Comestibles
 e - 11 rations {!d}


   Skills:
 + Level 10.2 Fighting
 + Level 18.0 Dodging
 + Level 19.1 Stealth
 + Level 16.7 Unarmed Combat
 + Level 15.2 Invocations


You had 9 spell levels left.
You didn't know any spells.
Your spell library was empty.

Dungeon Overview and Level Annotations

Branches:
Dungeon (1/1)

Altars:
Cheibriados
Dithmenos
Elyvilon
Fedhas
Gozag
Hepliaklqana
Kikubaaqudgha
Lugonu
Makhleb
Nemelex Xobeh
Okawaru
Qazlal
Ru
Sif Muna
Trog
Uskayaw
Vehumet
Wu Jian
Xom
Yredelemnul
Zin
The Shining One
Beogh
Jiyva

Shops:
D ((*


Innate Abilities, Weirdness & Mutations

You cannot wear almost all types of armour.
You are incapable of wielding weapons or throwing items.
Your paws allow you to move quietly. (Stealth)
You have sharp claws.
You have razor-sharp teeth.
You have supernaturally acute eyesight. (SInv)
You are carnivorous and can eat meat at any time.
You cover ground quickly.
You are covered in thick fur. (AC +2)
You have a slow metabolism.
Your sharp claws are effective at attacking unaware monsters.


Message History

The snapping turtle completely misses you.
You scratch the alligator snapping turtle.
The alligator snapping turtle is lightly wounded.
The alligator snapping turtle completely misses you.
You scratch the alligator snapping turtle.
You bite the alligator snapping turtle.
The alligator snapping turtle is lightly wounded.
The snapping turtle barely misses you.
The alligator snapping turtle completely misses you.
You claw the alligator snapping turtle!
The alligator snapping turtle is lightly wounded.
Uskayaw links your audience in an emotional bond!
You mangle the alligator snapping turtle!!
You claw the alligator snapping turtle, but do no damage.
You bite the alligator snapping turtle, but do no damage.
The alligator snapping turtle is moderately wounded.
The snapping turtle bites you but does no damage.
The alligator snapping turtle bites you!!!
Ouch! That really hurt!
You die...

...'[.[))∩.∩.∩.∩÷)[..'.........▓
▓▓▓▓▓▓▓▓▓▓▓▓▓▓▓▓▓▓▓▓▓▓▓▓▓▓▓▓▓▓.▓
...........)...................▓
▓▓▓▓▓▓▓▓▓▓▓▓▓▓▓▓▓▓▓▓▓▓▓▓▓▓▓▓▓▓▓▓
.....')))†.).[))†C...+
▓▓▓▓▓▓▓▓▓▓▓▓▓▓▓▓▓▓▓▓▓▓
▓▓▓▓▓▓▓▓▓▓▓▓▓▓▓▓▓▓▓▓▓▓▓
.....tt@.'.....†.(....▓
▓▓▓▓▓▓▓▓▓▓▓▓▓▓▓▓▓▓▓▓▓.▓
...........†........▓
▓▓▓▓▓▓▓▓▓▓▓▓▓▓▓▓▓▓▓▓▓


You could see an alligator snapping turtle and a snapping turtle.

Vanquished Creatures
  A stone giant (D)
  An ettin (D)
  Josephine (D)
  3 ogre magi (D)
  A hydra (D)
  Erica (D)
  2 two-headed ogres (D)
  A merfolk avatar (D)
  A vampire mage (D)
  4 deep trolls (D)
  2 sea snakes (D)
  3 cyclopes (D)
  A necromancer (D)
  5 orc knights (D)
  2 ugly things (D)
  2 water nymphs (D)
  2 black mambas (D)
  5 cane toads (D)
  2 yaktaurs (D)
  A polar bear (D)
  7 trolls (D)
  A slime creature (D)
  2 hippogriffs (D)
  A blink frog (D)
  A water elemental (D)
  4 wraiths (D)
  A vampire mosquito (D)
  2 wargs (D)
  3 crocodiles (D)
  A water moccasin (D)
  A hell hound (D)
  A porcupine (D)
  9 orc warriors (D)
  A sky beast (D)
  An ice beast (D)
  5 wolves (D)
  3 bullfrogs (D)
  2 orc priests (D)
  8 orc wizards (D)
  2 worker ants (D)
  2 adders (D)
  4 orcs (D)
  A ball python (D)
  2 giant cockroaches (D)
  2 hobgoblins (D)
  A ball python zombie (D)
  2 kobolds (D)
  A leopard gecko skeleton (D)
112 creatures vanquished.

Vanquished Creatures (others)
  An orc high priest (D)
1 creature vanquished.

Grand Total: 113 creatures vanquished

Notes
Turn   | Place    | Note
-------+----------+-------------------------------------------
     0 | D        | Groucho the Felid Monk began the quest for the Orb.
     0 | D        | Reached XP level 1. HP: 12/12 MP: 3/3
   347 | D        | Reached skill level 4 in Stealth
   347 | D        | Reached XP level 2. HP: 17/17 MP: 4/4
   347 | D        | Reached skill level 5 in Dodging
   418 | D        | Found a roughly hewn altar of Beogh.
   418 | D        | Found a snail-covered altar of Cheibriados.
   418 | D        | Found a shadowy altar of Dithmenos.
   418 | D        | Found a white marble altar of Elyvilon.
   418 | D        | Found a blossoming altar of Fedhas.
   418 | D        | Found an opulent altar of Gozag.
   419 | D        | Found a hazy altar of Hepliaklqana.
   420 | D        | Found a viscous altar of Jiyva.
   421 | D        | Found an ancient bone altar of Kikubaaqudgha.
   422 | D        | Found a corrupted altar of Lugonu.
   423 | D        | Found a burning altar of Makhleb.
   424 | D        | Found a sparkling altar of Nemelex Xobeh.
   425 | D        | Found an iron altar of Okawaru.
   426 | D        | Found a stormy altar of Qazlal.
   427 | D        | Found a sacrificial altar of Ru.
   428 | D        | Found a shimmering blue altar of Sif Muna.
   429 | D        | Found a bloodstained altar of Trog.
   430 | D        | Found a hide-covered altar of Uskayaw.
   431 | D        | Found a radiant altar of Vehumet.
   432 | D        | Found an ornate altar of the Wu Jian Council.
   433 | D        | Found a shimmering altar of Xom.
   434 | D        | Found a basalt altar of Yredelemnul.
   435 | D        | Found a glowing silver altar of Zin.
   436 | D        | Found a glowing golden altar of the Shining One.
   438 | D        | Became a worshipper of Uskayaw the Reveler
   438 | D        | Reached * piety under Uskayaw
   464 | D        | Reached skill level 9 in Stealth
   464 | D        | Reached XP level 3. HP: 21/21 MP: 4/8
   464 | D        | Reached XP level 4. HP: 25/25 MP: 4/9
   464 | D        | Reached XP level 5. HP: 29/29 MP: 4/10
   464 | D        | Gained mutation: You are covered in thick fur. (AC +2)
                  | [Felid growth]
   464 | D        | Reached XP level 6. HP: 33/33 MP: 4/11
   464 | D        | Noticed a cyclops
   464 | D        | Reached skill level 10 in Stealth
   464 | D        | Noticed a troll
   464 | D        | Reached skill level 10 in Dodging
   464 | D        | Reached XP level 7. HP: 37/37 MP: 4/13
   464 | D        | Noticed a slime creature
   466 | D        | Killed a cyclops
   466 | D        | Reached ** piety under Uskayaw
   470 | D        | Reached *** piety under Uskayaw
   471 | D        | Killed a troll
   471 | D        | Reached **** piety under Uskayaw
   474 | D        | Reached ***** piety under Uskayaw
   475 | D        | Killed a slime creature
   719 | D        | Reached skill level 12 in Stealth
   719 | D        | Reached skill level 10 in Unarmed Combat
   719 | D        | Reached XP level 8. HP: 42/42 MP: 15/15
   719 | D        | Noticed an ogre mage
   719 | D        | Noticed a white ugly thing
   719 | D        | Reached skill level 13 in Stealth
   719 | D        | Reached skill level 10 in Invocations
   719 | D        | Noticed a two-headed ogre
   719 | D        | Noticed a cyclops
   721 | D        | Killed an ogre mage
   726 | D        | Killed a white ugly thing
   728 | D        | Killed a two-headed ogre
   735 | D        | Killed a cyclops
   848 | D        | Reached XP level 9. HP: 45/45 MP: 16/18
   848 | D        | Reached skill level 14 in Stealth
   848 | D        | Noticed a cane toad
   849 | D        | Noticed a five-headed hydra
   851 | D        | Noticed a polar bear
   859 | D        | Killed a cane toad
   859 | D        | Killed a five-headed hydra
   862 | D        | Killed a polar bear
  1251 | D        | Reached skill level 15 in Stealth
  1251 | D        | Noticed a cane toad
  1251 | D        | Noticed a cane toad
  1251 | D        | Noticed a cane toad
  1252 | D        | Reached XP level 10. HP: 49/49 MP: 18/20
  1252 | D        | Noticed a black mamba
  1254 | D        | Noticed a cane toad
  1256 | D        | Noticed a black mamba
  1258 | D        | Killed a cane toad
  1260 | D        | Killed a cane toad
  1263 | D        | Killed a cane toad
  1267 | D        | Killed a black mamba
  1269 | D        | Killed a cane toad
  1274 | D        | Killed a black mamba
  1306 | D        | Reached skill level 15 in Dodging
  1322 | D        | Reached ****** piety under Uskayaw
  1387 | D        | Reached skill level 5 in Fighting
  1388 | D        | Reached skill level 16 in Stealth
  1390 | D        | Noticed Josephine
  1407 | D        | Killed Josephine
  1635 | D        | Noticed an orc high priest
  1649 | D        | Noticed an orc knight
  1651 | D        | Noticed an orc knight
  1653 | D        | Noticed an orc knight
  1656 | D        | Killed an orc high priest
  1672 | D        | Killed an orc knight
  1678 | D        | Killed an orc knight
  1686 | D        | Killed an orc knight
  1982 | D        | Found Fugit's Antique Weapon Emporium.
  1982 | D        | Reached skill level 17 in Stealth
  1982 | D        | Reached XP level 11. HP: 58/58 MP: 22/22
  1982 | D        | Noticed a deep troll
  1982 | D        | Reached skill level 15 in Unarmed Combat
  1982 | D        | Noticed an ogre mage
  1995 | D        | Killed a deep troll
  1997 | D        | Found Divum's Antique Weapon Shoppe.
  2000 | D        | Noticed a deep troll
  2001 | D        | Noticed an ogre mage
  2011 | D        | Found Afuahih's Distillery.
  2016 | D        | Killed an ogre mage
  2023 | D        | Found Senolafi's Assorted Antiques.
  2023 | D        | Killed an ogre mage
  2045 | D        | Slain by a deep troll
  2046 | D        | Reached XP level 10. HP: -2/56 MP: 13/21
  2183 | D        | Slain by a deep troll
  2184 | D        | Reached XP level 9. HP: 0/51 MP: 20/20
  2376 | D        | Killed a deep troll
  2608 | D        | Noticed a deep troll
  2609 | D        | Noticed an ettin
  2610 | D        | Noticed a deep troll
  2621 | D        | Killed a deep troll
  2621 | D        | Killed an ettin
  2625 | D        | Killed a deep troll
  2934 | D        | Bought a potion of brilliance for 40 gold pieces
  2934 | D        | Bought 2 potions of haste for 200 gold pieces
  2934 | D        | Bought 2 potions of degeneration for 20 gold pieces
  2934 | D        | Bought a potion of brilliance for 40 gold pieces
  2934 | D        | Bought a potion of flight for 30 gold pieces
  2934 | D        | Bought a potion of curing for 30 gold pieces
  2934 | D        | Bought a potion of heal wounds for 50 gold pieces
  2934 | D        | Bought a potion of agility for 40 gold pieces
  2934 | D        | Bought a potion of curing for 30 gold pieces
  2934 | D        | Bought 3 potions of agility for 120 gold pieces
  2934 | D        | Bought a potion of flight for 30 gold pieces
  2936 | D        | Bought 2 scrolls of remove curse for 174 gold pieces
  2936 | D        | Bought a glowing agate ring for 145 gold pieces
  2936 | D        | Bought 2 potions of curing for 174 gold pieces
  2936 | D        | Bought a potion of curing for 87 gold pieces
  2963 | D        | Reached XP level 10. HP: 57/57 MP: 21/21
  2963 | D        | Noticed Erica
  2970 | D        | Killed Erica
  3079 | D        | Reached skill level 18 in Stealth
  3079 | D        | Noticed a two-headed ogre
  3079 | D        | Noticed an orc knight
  3079 | D        | Noticed an orc knight
  3089 | D        | Killed a two-headed ogre
  3090 | D        | Noticed a necromancer
  3091 | D        | Killed an orc knight
  3092 | D        | Noticed a vampire mage
  3093 | D        | Killed an orc knight
  3099 | D        | Noticed a frost giant
  3103 | D        | Killed a necromancer
  3104 | D        | Noticed a stone giant
  3115 | D        | Noticed a red ugly thing
  3115 | D        | Killed a vampire mage
  3116 | D        | Killed a stone giant
  3123 | D        | Killed a red ugly thing
  3125 | D        | Mangled by a frost giant
  3126 | D        | Reached XP level 9. HP: -10/54 MP: 11/21
  3149 | D        | Reached XP level 10. HP: 59/59 MP: 22/22
  3149 | D        | Noticed a merfolk avatar
  3149 | D        | Reached skill level 15 in Invocations
  3149 | D        | Noticed a cyclops
  3149 | D        | Noticed a sea snake
  3149 | D        | Reached skill level 10 in Fighting
  3149 | D        | Reached skill level 19 in Stealth
  3149 | D        | Noticed a sea snake
  3149 | D        | Noticed a water nymph
  3180 | D        | Killed a sea snake
  3184 | D        | Killed a sea snake
  3196 | D        | Noticed a water nymph
  3202 | D        | Killed a water nymph
  3205 | D        | Killed a water nymph
  3205 | D        | Killed a cyclops
  3208 | D        | Killed a merfolk avatar
  3212 | D        | Noticed an alligator snapping turtle
  3221 | D        | Slain by an alligator snapping turtle

Skill      XL: |  1  2  3  4  5  6  7  8  9 10 11 |
---------------+----------------------------------+-----
Unarmed Combat | 4 8 9 10 12 13 16 15 | 16.7
Stealth        | 4 9 10 12 13 15 19 | 19.1
Dodging        | 8 10 11 13 14 18 | 18.0
Invocations    | 6 7 9 10 14 15 | 15.2
Fighting       | 8 10 | 10.2

Action                   |  1- 3 |  4- 6 |  7- 9 | 10-12 || total
-------------------------+-------+-------+-------+-------++-------
Melee: Unarmed           |    28 |       |    40 |   222 ||   290
       Bite              |     1 |       |     3 |    29 ||    33
       Punch             |     1 |       |     3 |    15 ||    19
Invok: Line Pass         |       |       |     2 |     6 ||     8
  Use: Potion            |     1 |       |     1 |    15 ||    17
       Scroll            |       |       |     1 |       ||     1
 Stab: Sleeping          |     1 |       |     3 |     4 ||     8
       Paralysed         |       |       |    11 |    27 ||    38
       Confused          |       |       |     2 |     2 ||     4
       Distracted        |       |       |     1 |       ||     1
       Invisible         |       |       |       |     2 ||     2
  Eat: Chunk             |     4 |       |       |     6 ||    10
Armor: Skin              |       |       |       |     1 ||     1
Dodge: Dodged            |    19 |       |    36 |   191 ||   246
